 Dungeon Crawl Stone Soup version 0.29.0-13-gc9e81de378 (webtiles) character file.

Game seed: 295815641618621999

178246 SnakkuSnakku7 the Shatterer (level 17, -1/180 HPs)
             Began as an Ogre Enchanter on Sept 7, 2022.
             Was the Champion of the Shining One.
             Slain by a naga
             ... wielding a +0 halberd
              (16 damage)
             ... on level 2 of the Snake Pit on Sept 8, 2022.
             The game lasted 00:53:39 (32256 turns).

SnakkuSnakku7 the Shatterer (Ogre Enchanter)       Turns: 32256, Time: 00:53:40

Health: -1/180     AC: 28    Str: 20    XL:     17   Next: 87%
Magic:  23/26      EV: 11    Int: 16    God:    the Shining One [******]
Gold:   3901       SH:  0    Dex: 11    Spells: 20/20 levels left

rFire   . . .      SeeInvis .   a - +6 giant spiked club (spect)
rCold   . . .      Faith    .   (shield currently unavailable)
rNeg    + + +      Spirit   .   F - +0 swamp dragon scales
rPois   +          Reflect  .   J - +2 hat
rElec   .          Harm     .   B - +2 cloak
rCorr   .          Rampage  .   (gloves unavailable)
Will    +....                   (boots unavailable)
Stlth   +.........              U - amulet of regeneration
HPRegen 1.20/turn               M - ring of the Tortoise {AC+8}
MPRegen 0.20/turn               t - +4 ring of protection

@: glowing, studying Throwing
A: large, unfitting armour, tough skin 1
}: 1/15 runes: decaying
a: Renounce Religion, Divine Shield, Cleansing Flame, Summon Divine Warrior,
Brand Weapon With Holy Wrath


You were on level 2 of the Snake Pit.
You worshipped the Shining One.
The Shining One was exalted by your worship.
You visited 6 branches of the dungeon, and saw 29 of its levels.
You also visited: Gauntlet and Ice Cave.

You collected 5701 gold pieces.
You spent 1800 gold pieces at shops.

Inventory:

Hand Weapons
 a - a +6 spectral giant spiked club (weapon)
Missiles
 m - 12 curare-tipped darts (quivered)
 y - 8 large rocks
 E - 3 throwing nets
Armour
 r - an orb of light
 B - a +2 cloak (worn)
 F - +0 swamp dragon scales (worn)
 J - a +2 hat (worn)
 L - +2 steam dragon scales
Jewellery
 c - the ring of Zunav {Fly rF+ Int+4}
   (You acquired it on level 10 of the Dungeon)

   [ring of flight]

   Int:       It affects your intelligence (+4).
   rF:        It protects you from fire.
   Fly:       It grants you flight.
 n - a ring of ice
 p - a ring of resist corrosion
 t - a +4 ring of protection (right hand)
 A - a ring of see invisible
 M - the ring of the Tortoise (left hand) {AC+8}
   (You found it in a Gauntlet)

   [ring of protection]

   AC:        It affects your AC (+8).
 R - the ring of Byusch {Wiz rPois rC++ Dex-5}
   (You found it in a Gauntlet)

   [ring of wizardry]

   It improves your spell success rate.
   Dex:       It affects your dexterity (-5).
   rC:        It greatly protects you from cold.
   rPois:     It protects you from poison.
 U - an amulet of regeneration (around neck)
Wands
 b - a wand of flame (13)
 d - a wand of mindburst (22)
 g - a wand of quicksilver (14)
 s - a wand of polymorph (18)
 H - a wand of iceblast (16)
 K - a wand of charming (8)
 X - a wand of digging (15)
Scrolls
 h - a scroll of poison
 k - 9 scrolls of vulnerability
 q - 5 scrolls of magic mapping
 u - 4 scrolls of fear
 v - 2 scrolls of enchant armour
 w - 5 scrolls of teleportation
 D - 6 scrolls of immolation
 G - 4 scrolls of butterflies
 N - 2 scrolls of silence
 P - 6 scrolls of identify
 Q - 2 scrolls of summoning
 S - a scroll of brand weapon
Potions
 e - 4 potions of brilliance
 f - 9 potions of curing
 i - 5 potions of cancellation
 j - 4 potions of lignification
 l - 2 potions of resistance
 o - 5 potions of attraction
 x - 7 potions of haste
 z - 3 potions of ambrosia
 C - a potion of mutation
 I - 7 potions of might
 O - 2 potions of magic
 V - 2 potions of heal wounds
 W - 3 potions of berserk rage
Miscellaneous
 T - a phantom mirror


   Skills:
 - Level 14.0 Fighting
 - Level 0.8 Short Blades
 - Level 21.2 Maces & Flails
 + Level 7.1 Throwing
 - Level 10.0 Armour
 - Level 8.4 Dodging
 - Level 2.1 Stealth
 - Level 2.4 Spellcasting
 - Level 2.6 Hexes
 - Level 12.0 Invocations


You had 20 spell levels left.
You didn't know any spells.
Your spell library contained the following spells:

 Spells                   Type           Power      Damage    Failure   Level
 Slow                     Hex            40%        N/A       10%         1
 Ensorcelled Hibernation  Hex/Ice        12%        N/A       26%         2
 Magic Dart               Conj           4%         1d3       30%         1
 Sandblast                Erth           2%         2d4       30%         1
 Confusing Touch          Hex            10%        N/A       30%         3
 Tukima's Dance           Hex            10%        N/A       30%         3
 Passwall                 Tmut/Erth      0%         N/A       41%         2
 Poisonous Vapours        Pois/Air       2%         N/A       41%         2
 Searing Ray              Conj           2%         2d4       41%         2
 Dazzling Flash           Conj/Hex       12%        N/A       45%         3
 Portal Projectile        Hex/Tloc       12%        N/A       45%         3
 Call Canine Familiar     Summ           1%         N/A       65%         3
 Frozen Ramparts          Ice            2%         1d1       65%         3
 Ignite Poison            Fire/Tmut/Pois 1%         N/A       65%         3
 Mephitic Cloud           Conj/Pois/Air  1%         N/A       65%         3
 Spider Form              Tmut/Pois      1%         N/A       65%         3
 Stone Arrow              Conj/Erth      2%         3d7       65%         3
 Swiftness                Air            1%         N/A       65%         3
 Vampiric Draining        Necr           1%         2d6       65%         3
 Anguish                  Hex/Necr       3%         N/A       86%         4
 Fulminant Prism          Conj/Hex       3%         3d6       86%         4
 Leda's Liquefaction      Hex/Erth       3%         N/A       86%         4
 Animate Armour           Summ/Erth      2%         N/A       96%         4
 Corpse Rot               Necr/Pois/Air  1%         N/A       96%         4
 Ice Form                 Ice/Tmut       1%         N/A       96%         4
 Passage of Golubria      Tloc           1%         N/A       96%         4
 Summon Ice Beast         Ice/Summ       1%         N/A       96%         4
 Silence                  Hex/Air        3%         N/A       99%         5
 Summon Mana Viper        Hex/Summ       6%         N/A       99%         5
 Agony                    Necr           1%         N/A       100%        5
 Freezing Cloud           Conj/Ice/Air   0%         6-21      100%        5
 Summon Forest            Summ/Tloc      0%         N/A       100%        5
 Eringya's Noxious Bog    Tmut/Pois      0%         N/A       100%        6
 Monstrous Menagerie      Summ           0%         N/A       100%        7
 Summon Hydra             Summ           0%         N/A       100%        7
 Lehudib's Crystal Spear  Conj/Erth      0%         10d2      100%        8


Dungeon Overview and Level Annotations

Branches:
Dungeon (15/15)            Temple (1/1) D:5            Lair (5/5) D:8
  Swamp (4/4) Lair:2        Snake (2/4) Lair:3        Slime (0/5) Lair:4
    Orc (2/2) D:10            Elf (0/3) Orc:2        Vaults (0/5) D:13
 Depths (0/4) D:15          IceCv (visited)         Gauntlet (visited)

Altars:
Ashenzari
Cheibriados
Dithmenos
Elyvilon
Fedhas
Gozag
Hepliaklqana
Kikubaaqudgha
Makhleb
Nemelex Xobeh
Okawaru
Qazlal
Ru
Sif Muna
Trog
Uskayaw
Vehumet
Wu Jian
Xom
Yredelemnul
Zin
The Shining One
Jiyva

Shops:
D:5 **   Orc:2 [([=   Snake:1 ::

Annotations:
D:10 1 transporter
Lair:4 1 runed translucent door
Snake:2 Asterion


Innate Abilities, Weirdness & Mutations

You are too large for most types of armour.
You have tough skin. (AC +1)


Message History

You assume a fearsome visage.
The guardian serpent looks frightened!
The naga warrior resists with almost no effort.
The naga looks frightened!
The salamander looks frightened! x2
The naga warrior hits you but does no damage.
The naga warrior misses you.
Unknown command.
You puncture the naga warrior!
The naga warrior is lightly wounded.
Your +6 spectral giant spiked club barely misses the naga warrior.
Unknown command.
You impale the naga warrior!!
The naga warrior is heavily wounded.
Your +6 spectral giant spiked club hits the naga warrior!!
Cornered, the guardian serpent turns to fight!
The naga warrior roars a battlecry!
The nagas go into a battle-frenzy!
Unknown command.
You bludgeon the naga warrior!!
You kill the naga warrior!
Unknown command.
You stick the guardian serpent like a pincushion!!!
The guardian serpent is almost dead.
The guardian serpent hits you!
* * * LOW HITPOINT WARNING * * *
Unknown command.
You barely miss the guardian serpent.
The guardian serpent is almost dead.
The guardian serpent coils itself and waves its upper body at you.
The naga blinks!
Unknown command.
You impale the guardian serpent!!
You kill the guardian serpent!
The naga hits you with a +0 halberd!
* * * LOW HITPOINT WARNING * * *
The naga grabs you. The naga constricts you.
Your Throwing skill increases to level 7!
Unknown command.
You escape the naga's grasp.
The naga hits you from afar with a +0 halberd!
You die...

####
..#
#.##
#..#
#N)#
##N#
#@##
###).#
#§)..#
#.§.§##
#....##
..N....
$..N.##
..###
..


You could see a naga warrior, a salamander (strong, fleeing) and a naga
(strong).

Vanquished Creatures
  the Lernaean hydra (Swamp:4)
  An Ice Fiend (IceCv)
  The ghost of Ofeo the Marksant, an adept FoFE of Hepliaklqana (Swamp:4)
  A thorn hunter (Swamp:1)
  Frances (Snake:1)
  Agnes (Snake:2)
  The ghost of Gokhumny the Blocker, an adept GnFi of Okawaru (Swamp:4)
  The ghost of Ricegish the Blocker, an adept GnFi of Okawaru (Swamp:4)
  Aizul (Snake:1)
  An orc warlord (Orc:2)
  4 eleionomae
  A minotaur (Gauntlet)
  3 dire elephants (Lair:5)
  3 bunyips
  Snorg (D:14)
  A green death (Gauntlet)
  Erolcha (D:10)
  Harold (D:9)
  18 hydras
  An ogre mage (D:15)
  The ghost of SnakkuSnakku7 the Spear-Bearer, a journeyman HuDe of Elyvilon (D:10)
  A spriggan air mage (Swamp:4)
  2 ghost crabs (Swamp:4)
  7 anacondas
  9 two-headed ogres
  2 naga warriors (Snake:2)
  A death knight (D:14)
  2 centaur warriors
  A tengu warrior (D:14)
  A titan zombie (D:15)
  7 alligators
  6 naga sharpshooters
  A vampire mage (D:15)
  An orc high priest (Orc:2)
  2 death yaks
  A spectral dire elephant (Lair:5)
  2 thrashing horrors (Gauntlet)
  A salamander mystic (Snake:1)
  6 skeletal warriors
  A spectral death yak (Lair:5)
  5 goliath frogs
  A spectral anaconda (Lair:5)
  A death drake (Swamp:4)
  4 swamp dragons (Swamp:4)
  2 naga ritualists
  4 spriggan simulacra (IceCv)
  A lindwurm (D:13)
  A wizard (Gauntlet)
  2 bog bodies
  6 spriggan druids
  4 necromancers
  2 obsidian statues
  An iron dragon zombie (D:15)
  2 orc knights
  5 orc sorcerers
  5 mana vipers
  A deep elf pyromancer (D:14)
  A harpy (shapeshifter) (D:13)
  7 manticores
  A will-o-the-wisp (Swamp:4)
  A frost giant zombie (D:15)
  11 ugly things (D:14)
  An oklob plant (Lair:2)
  6 salamanders
  A spectral centaur (D:10)
  A cyclops (D:14)
  A dire elephant zombie (Lair:5)
  Joseph (D:9)
  2 guardian serpents (Snake:2)
  3 naga magi (Snake:1)
  16 black mambas
  12 elephants
  A gargoyle (D:10)
  A dire elephant skeleton (Lair:5)
  5 torpor snails (Lair:2)
  9 cane toads
  A kobold demonologist (D:12)
  Maggie (D:9)
  3 rime drakes
  2 orange demons (Gauntlet)
  6 komodo dragons
  10 freezing wraiths
  An anaconda simulacrum (IceCv)
  4 ice devils (IceCv)
  A demonic crawler (Lair:1)
  A yaktaur (D:15)
  A tengu conjurer (D:14)
  A yaktaur (shapeshifter) (D:13)
  A golden dragon simulacrum (IceCv)
  2 polar bears
  16 hornets
  A spriggan skeleton (D:15)
  A wolf spider simulacrum (D:10)
  9 trolls
  9 tyrant leeches
  A hornet (shapeshifter) (D:15)
  A tarantella (shapeshifter) (D:14)
  10 blink frogs (Lair:2)
  9 slime creatures
  14 dream sheep
  A meliai zombie (D:10)
  2 spectral elephants (Lair:5)
  4 wraiths
  3 shadows
  A centaur simulacrum (D:15)
  16 spriggans
  A dire elephant simulacrum (IceCv)
  27 yaks
  2 wyverns
  A steam dragon (D:8)
  4 basilisks
  3 death yak simulacra (Lair:5)
  A minotaur simulacrum (IceCv)
  2 harpy simulacra (IceCv)
  9 nagas
  2 wargs (Orc:2)
  3 spectral cane toads (Lair:5)
  9 vampire mosquitoes
  12 swamp worms
  13 water moccasins
  An acid dragon (D:10)
  8 swamp drakes
  40 orc warriors
  An ice beast (D:6)
  A sky beast (D:6)
  An alligator simulacrum (IceCv)
  An elephant zombie (Lair:5)
  2 black bears
  16 ogres
  7 wolves
  4 centaurs
  3 elephant skeletons (Lair:5)
  A kobold brigand (D:8)
  A necrophage (D:6)
  14 bullfrogs
  4 deep troll simulacra (IceCv)
  A scorpion (D:5)
  A cane toad simulacrum (Lair:5)
  4 small abominations (Gauntlet)
  3 elephant simulacra (Lair:5)
  A lindwurm simulacrum (IceCv)
  4 killer bees
  5 howler monkeys
  A jelly (D:7)
  A hound (D:8)
  25 orc priests
  21 orc wizards
  Terence (D:2)
  2 iguanas
  9 hell rats (Lair:3)
  4 adders
  7 gnolls
  A river rat (D:8)
  A shadow imp (Gauntlet)
  A white imp (Gauntlet)
  2 worms
  6 dart slugs
  153 orcs
  5 ball pythons
  11 endoplasms
  6 giant cockroaches
  8 goblins
  6 hobgoblins
  4 quokkas
  8 bats
  6 frilled lizards
  13 kobolds
  11 rats
  4 briar patches (D:10)
890 creatures vanquished.

Vanquished Creatures (others)
  A goliath frog (Swamp:4)
  2 bloated husks
  An orc (Orc:2)
  4 briar patches
  2 foxfires (Swamp:4)
  6 fungi
  15 plants
  25 withered plants
56 creatures vanquished.

Grand Total: 946 creatures vanquished

Notes
Turn   | Place    | Note
-------+----------+-------------------------------------------
     0 | D:1      | SnakkuSnakku7 the Ogre Enchanter began the quest for the
                  | Orb.
     0 | D:1      | Reached XP level 1. HP: 16/16 MP: 3/3
   191 | D:1      | Reached skill level 1 in Fighting
   589 | D:1      | Reached XP level 2. HP: 6/28 MP: 5/5
  1258 | D:1      | Reached XP level 3. HP: 36/37 MP: 6/6
  1290 | D:1      | Reached skill level 1 in Throwing
  2202 | D:2      | Noticed Terence
  2204 | D:2      | Killed Terence
  2205 | D:2      | Reached XP level 4. HP: 45/45 MP: 7/7
  2493 | D:2      | Found a faded altar of an unknown god.
  2981 | D:3      | Reached XP level 5. HP: 39/53 MP: 8/8
  3022 | D:3      | Reached skill level 1 in Maces & Flails
  3515 | D:4      | Reached skill level 2 in Maces & Flails
  3843 | D:4      | Reached skill level 3 in Maces & Flails
  3843 | D:4      | Reached XP level 6. HP: 55/61 MP: 9/9
  3909 | D:4      | Reached skill level 4 in Maces & Flails
  4902 | D:5      | Entered Level 5 of the Dungeon
  4941 | D:5      | Found a staircase to the Ecumenical Temple.
  4952 | Temple   | Entered the Ecumenical Temple
  5049 | Temple   | Became a worshipper of the Shining One
  5228 | D:5      | Reached XP level 7. HP: 62/67 MP: 10/10
  5372 | D:5      | Found Naliud's Neck Hole.
  5403 | D:5      | Found Dikleg's Assorted Antiques.
  5450 | D:5      | Reached skill level 5 in Maces & Flails
  5943 | D:6      | Identified the +2 ring mail "Porywa" {Int+5}
  6268 | D:6      | Reached skill level 6 in Maces & Flails
  6571 | D:6      | Reached XP level 8. HP: 66/75 MP: 11/11
  6768 | D:7      | Reached skill level 7 in Maces & Flails
  7508 | D:7      | Found a sparkling altar of Nemelex Xobeh.
  7532 | D:7      | Found an ornate altar of the Wu Jian Council.
  7718 | D:7      | Reached skill level 8 in Maces & Flails
  7988 | D:7      | Noticed a spriggan hatter
  7995 | D:7      | Killed a spriggan hatter
  8035 | D:7      | Identified a scroll of acquirement
  8035 | D:7      | Acquired a +5 spectral giant spiked club
  8583 | D:8      | Noticed a hornet
  8586 | D:8      | Paralysed by a hornet for 2 turns
  8590 | D:8      | Killed a hornet
  8591 | D:8      | Reached skill level 9 in Maces & Flails
  8591 | D:8      | Reached XP level 9. HP: 48/83 MP: 12/12
  8763 | D:8      | Reached skill level 10 in Maces & Flails
  9054 | D:8      | Acquired 669 gold pieces
  9162 | D:5      | Bought an amulet of reflection for 420 gold pieces
  9358 | D:8      | Noticed a troll
  9374 | D:8      | Killed a troll
  9375 | D:8      | Reached skill level 11 in Maces & Flails
  9407 | D:8      | Found a staircase to the Lair.
  9868 | D:8      | Found a glowing silver altar of Zin.
  9868 | D:8      | Noticed an angel
  9994 | D:8      | Reached XP level 10. HP: 87/91 MP: 13/13
 10024 | D:8      | Reached skill level 12 in Maces & Flails
 10220 | D:9      | Noticed Maggie
 10280 | D:9      | Found a sacrificial altar of Ru.
 10290 | D:9      | Found a bloodstained altar of Trog.
 10350 | D:9      | Noticed Joseph
 10362 | D:9      | Killed Joseph
 10532 | D:9      | Reached * piety under the Shining One
 10543 | D:9      | Found a broken altar of Ashenzari.
 10691 | D:9      | Noticed Harold
 10695 | D:9      | Killed Harold
 10696 | D:9      | Reached skill level 13 in Maces & Flails
 10794 | D:9      | Killed Maggie
 11023 | D:10     | Entered Level 10 of the Dungeon
 11081 | D:10     | Noticed an orc knight
 11084 | D:10     | Reached skill level 14 in Maces & Flails
 11180 | D:10     | Killed an orc knight
 11181 | D:10     | Reached XP level 11. HP: 49/97 MP: 14/14
 11186 | D:10     | Found a staircase to the Orcish Mines.
 11436 | D:10     | Noticed Erolcha
 11444 | D:10     | Killed Erolcha
 11487 | D:10     | Acquired the ring of Zunav {Fly rF+ Int+4}
 11488 | D:10     | Acquired 899 gold pieces
 11561 | D:10     | Found a transporter.
 11567 | D:10     | Identified the +7 scale mail "Vuppurch" {Contam rPois Dex+7
                  | Stlth+}
 11587 | D:10     | Found a transporter.
 11615 | D:10     | Acquired 907 gold pieces
 11741 | D:10     | Reached skill level 15 in Maces & Flails
 11741 | D:10     | Found a runed translucent gate.
 11753 | D:10     | Found a runed translucent gate.
 11754 | D:10     | Found a runed translucent gate.
 11755 | D:10     | Noticed SnakkuSnakku7's ghost (journeyman HuDe)
 12051 | Lair:1   | Entered Level 1 of the Lair of Beasts
 12458 | Lair:1   | Reached skill level 16 in Maces & Flails
 12474 | Lair:1   | Identified the +1 helmet "Oskouhid" {rN+}
 12512 | Lair:1   | Reached ** piety under the Shining One
 13282 | Lair:2   | Noticed a death yak
 13287 | Lair:2   | Noticed a death yak
 13293 | Lair:1   | Killed a death yak
 13294 | Lair:1   | Reached XP level 12. HP: 105/105 MP: 15/15
 13603 | Lair:2   | Reached skill level 17 in Maces & Flails
 13774 | Lair:2   | Found a snail-covered altar of Cheibriados.
 13912 | Lair:2   | Found a hazy altar of Hepliaklqana.
 14032 | Lair:2   | Killed a death yak
 14522 | Lair:2   | Found a staircase to the Swamp.
 14530 | Lair:2   | Reached skill level 18 in Maces & Flails
 14954 | Lair:3   | Reached *** piety under the Shining One
 14982 | Lair:3   | Noticed a seven-headed hydra
 14987 | Lair:3   | Killed a seven-headed hydra
 15251 | Lair:3   | Found a staircase to the Snake Pit.
 15287 | Lair:3   | Reached XP level 13. HP: 88/111 MP: 16/16
 15903 | Lair:4   | Reached skill level 19 in Maces & Flails
 15969 | Lair:4   | Found a runed translucent door.
 15969 | Lair:4   | Found a viscous altar of Jiyva.
 15969 | Lair:4   | Found a staircase to the Slime Pits.
 15969 | Lair:4   | Noticed an acid blob
 15969 | Lair:4   | Noticed an acid blob
 15969 | Lair:4   | Noticed an acid blob
 16556 | Lair:4   | Identified the +1 leather armour of Trial and Error {Dex+4}
 17339 | Lair:5   | Entered Level 5 of the Lair of Beasts
 17398 | Lair:5   | Reached **** piety under the Shining One
 17655 | Lair:5   | Noticed a dire elephant
 17655 | Lair:5   | Noticed a dire elephant
 17655 | Lair:5   | Noticed a dire elephant
 18086 | Lair:5   | Reached skill level 20 in Maces & Flails
 18545 | Lair:5   | Reached ***** piety under the Shining One
 18801 | Lair:5   | Killed a dire elephant
 18802 | Lair:5   | Reached XP level 14. HP: 94/120 MP: 17/17
 18819 | Lair:5   | Killed a dire elephant
 18828 | Lair:5   | Killed a dire elephant
 19405 | D:10     | Reached skill level 21 in Maces & Flails
 19631 | D:10     | Killed SnakkuSnakku7's ghost
 20571 | D:12     | Reached skill level 5 in Fighting
 21452 | D:13     | Found a gate to the Vaults.
 22132 | D:14     | Noticed Snorg
 22139 | D:14     | Killed Snorg
 22182 | D:14     | Reached skill level 10 in Fighting
 22760 | D:14     | Found an iron altar of Okawaru.
 23191 | D:14     | Reached XP level 15. HP: 145/158 MP: 18/18
 23238 | D:14     | Reached ****** piety under the Shining One
 23366 | D:15     | Entered Level 15 of the Dungeon
 23421 | D:15     | Found a staircase to the Depths.
 23501 | D:14     | Reached skill level 1 in Armour
 24684 | Orc:1    | Entered Level 1 of the Orcish Mines
 25151 | Orc:1    | Reached skill level 5 in Armour
 25215 | Orc:2    | Entered Level 2 of the Orcish Mines
 25230 | Orc:2    | Paralysed by an orc sorcerer for 5 turns
 25277 | Orc:2    | Found a gate leading to a gauntlet.
 25286 | Gauntlet | Entered a Gauntlet
 25286 | Gauntlet | Found a transporter.
 25286 | Gauntlet | Found a transporter.
 25287 | Gauntlet | Found a runed translucent door.
 25292 | Gauntlet | Found a transporter.
 25294 | Gauntlet | Found a transporter.
 25294 | Gauntlet | Found a transporter.
 25323 | Gauntlet | Found a transporter.
 25326 | Gauntlet | Found a transporter.
 25326 | Gauntlet | Found a transporter.
 25340 | Gauntlet | Found a transporter.
 25341 | Gauntlet | Found the ring of the Tortoise {AC+8}
 25356 | Gauntlet | Found a transporter.
 25366 | Gauntlet | Found a transporter.
 25381 | Gauntlet | Found a transporter.
 25401 | Gauntlet | Found a transporter.
 25401 | Gauntlet | Found a transporter.
 25514 | Gauntlet | Identified the ring of Byusch {Wiz rPois rC++ Dex-5}
 25685 | Gauntlet | Identified the +8 battleaxe of the Modern Dances {venom,
                  | rElec rPois rCorr}
 25703 | Gauntlet | Identified the +8 rapier "Bakiky" {holy, rPois rF- Str+2
                  | Dex+8}
 25822 | Orc:2    | Found a staircase to the Elven Halls.
 26088 | Orc:2    | Noticed an orc warlord
 26423 | Orc:2    | Killed an orc warlord
 26762 | Orc:2    | Found Qotath's Jewellery Emporium.
 26770 | Orc:2    | Bought an amulet of regeneration for 420 gold pieces
 26900 | Orc:2    | Found Wuzucul's Armour Boutique.
 27018 | Orc:2    | Found Hajur's Antique Armour Boutique.
 27021 | Orc:2    | Found Itosoane's Antique Weapon Shop.
 27476 | Swamp:1  | Entered Level 1 of the Swamp
 27611 | Swamp:1  | Reached XP level 16. HP: 148/172 MP: 19/19
 27654 | Swamp:1  | Found a frozen archway.
 27726 | IceCv    | Entered an ice cave
 27815 | IceCv    | Reached skill level 10 in Armour
 27933 | IceCv    | Found the +3 pair of gauntlets of War {Slay+5}
 28046 | IceCv    | Noticed an Ice Fiend
 28056 | IceCv    | Killed an Ice Fiend
 28247 | Swamp:1  | Acquired 567 gold pieces
 28533 | Swamp:2  | Noticed a thorn hunter
 28675 | Swamp:1  | Reached skill level 5 in Dodging
 28712 | Swamp:1  | Killed a thorn hunter
 29634 | Swamp:3  | Identified the +4 trident of Insufficient Pleasure
                  | {protect, *Corrode Int+2 Dex+4 SInv}
 29684 | Swamp:3  | Reached skill level 1 in Invocations
 29938 | Swamp:4  | Entered Level 4 of the Swamp
 30123 | Swamp:4  | Reached XP level 17. HP: 153/180 MP: 20/20
 30134 | Swamp:4  | Reached skill level 5 in Invocations
 30335 | Swamp:4  | Found a runed translucent gate.
 30335 | Swamp:4  | Found a runed translucent gate.
 30335 | Swamp:4  | Found a runed translucent gate.
 30336 | Swamp:4  | Noticed Ofeo's ghost (adept FoFE)
 30337 | Swamp:4  | Noticed Ricegish's ghost (adept GnFi)
 30339 | Swamp:4  | Noticed Gokhumny's ghost (adept GnFi)
 30567 | Swamp:4  | Killed Ofeo's ghost
 30732 | Swamp:4  | Killed Ricegish's ghost
 30755 | Swamp:4  | Killed Gokhumny's ghost
 30921 | Swamp:4  | Noticed the 27-headed Lernaean hydra
 30924 | Swamp:4  | Killed the 27-headed Lernaean hydra
 31024 | Swamp:4  | Got a decaying rune of Zot
 31212 | Snake:1  | Entered Level 1 of the Snake Pit
 31260 | Snake:1  | Found Woinigi's Book Shoppe.
 31264 | Snake:1  | Bought a manual of Throwing for 960 gold pieces
 31264 | Snake:1  | Found Dait's Book Emporium.
 31304 | Snake:1  | Reached skill level 10 in Invocations
 31320 | Snake:1  | Noticed Aizul
 31333 | Snake:1  | Killed Aizul
 31865 | Snake:2  | Noticed Agnes
 31875 | Snake:2  | Killed Agnes
 32009 | Snake:2  | Noticed Frances
 32034 | Snake:1  | Killed Frances
 32160 | Snake:2  | Reached skill level 5 in Throwing
 32216 | Snake:2  | Noticed Asterion
 32217 | Snake:2  | Noticed an Executioner
 32256 | Snake:2  | Slain by a naga

Illustrated notes

Levels and vault maps discovered:
D:1:      dpeg_arrival_triangle_fractal, layout_rooms
D:2:      layout_basic, basic_ecumenical_altar, uniq_terence
D:3:      layout_basic, grunt_decor_arrowhead
D:4:      layout_layer_cave
D:5:      layout_basic, minmay_temple_entry_statues_pillars, serial_shops,
          nicolae_take_the_stairs, nicolae_shop_sticking_my_neck_out
D:6:      layout_loops_cross
D:7:      layout_basic, grunt_temple_overflow_open, the_hattery
D:8:      layout_layer_cave, zin_angel, erik_lair_island, special_room
          [special_room_orc], kb_lookout_dungeons_type
D:9:      layout_loops_ring, cheibrodos_ashenzari_chains,
          mainiacjoe_overflow_catwalk_spiral, uniq_maggie, uniq_joseph,
          uniq_harold
D:10:     gammafunk_worm_tunnel, layout_irregular_city, david_orc_5,
          gammafunk_ghost_necromancy, uniq_erolcha
D:11:     layout_cave_pools
D:12:     layout_roguey [special_room_orc]
D:13:     layout_basic, david_vaults_4
D:14:     layout_irregular_city, okawaru_ov_weapons_minmay, uniq_snorg
D:15:     gammafunk_depths_entry_grave, layout_rooms
Temple:   minmay_temple_bridge_d
Lair:1:   layout_loops_ring, worms_lemuel, grunt_megastairs_2
Lair:2:   layout_cave_shapes, minmay_swamp_entry_reptiles, basic_altar,
          kennysheep_snail_temple, lemuel_fruit_fields
Lair:3:   layout_roguey, guppyfry_snake_entry_garden
Lair:4:   layout_layer_cave, slime_entry_2, minivault_24
Lair:5:   due_jungle_book, layout_gridlike, minivault_27, serial_bayou_lagoon_a
Swamp:1:  layout_basic_swamp, portal_ice_cave_entry_pillars_four,
          evilmike_swamp_ruin_house_2
Swamp:2:  layout_basic_swamp, serial_swamp_ruin, evilmike_swamp_ruin_house_4,
          evilmike_swamp_ruin_house_6
Swamp:3:  layout_falls_marsh, evilmike_swamp_ruin_house_3
Swamp:4:  swamp_old_school, layout_basic_swamp, gammafunk_ghost_cemetery
Snake:1:  layout_onion_interference, grunt_megastairs_4, minmay_shoptagon,
          uniq_aizul
Snake:2:  layout_onion_interference, uniq_frances, uniq_agnes, uniq_asterion,
          uniq_vashnia
Orc:1:    layout_caves
Orc:2:    grunt_orc_community_town_hall, layout_caves,
          grunt_orc_community_big_house_2, grunt_orc_community_big_house_2,
          grunt_orc_community_house_1, grunt_orc_community_house_3,
          grunt_orc_community_house_2, grunt_orc_community_house_1,
          gauntlet_entry_generic

Skill      XL: |  1  2  3  4  5  6  7  8  9 10 11 12 13 14 15 16 17 |
---------------+----------------------------------------------------+-----
Fighting       | 2 3 12 14 | 14.0
Throwing       | 2 3 7 |  7.1
Maces & Flails | 3 4 6 9 11 14 16 18 20 21 | 21.2
Armour         | 8 10 | 10.0
Dodging        | 8 |  8.4
Invocations    | 4 12 | 12.0
Short Blades   | |  0.8
Stealth        | |  2.1
Spellcasting   | |  2.4
Hexes          | |  2.6

Action                   |  1- 3 |  4- 6 |  7- 9 | 10-12 | 13-15 | 16-18 || total
-------------------------+-------+-------+-------+-------+-------+-------++-------
Melee: Dagger            |   212 |    58 |       |       |       |       ||   270
       Morningstar       |       |    96 |    14 |       |       |       ||   110
       Dire flail        |       |       |   120 |       |       |       ||   120
       Giant spiked club |       |       |    53 |   255 |   697 |   428 ||  1433
Throw: Large rock        |     2 |     6 |       |       |       |       ||     8
       Dart              |       |       |     1 |       |       |       ||     1
Invok: Cleansing Flame   |       |       |       |       |       |     2 ||     2
Evoke: Wand              |       |       |    11 |       |     2 |     6 ||    19
  Use: Scroll            |       |     6 |    17 |     4 |    15 |    10 ||    52
       Potion            |       |       |     2 |       |       |     5 ||     7
 Stab: Sleeping          |     1 |       |       |       |       |       ||     1
Armor: Robe              |    66 |    52 |    69 |     4 |       |       ||   191
       Steam dragon scal |       |       |       |    82 |    48 |       ||   130
       Swamp dragon scal |       |       |       |       |   185 |   337 ||   522
Dodge: Dodged            |    99 |    89 |   103 |    81 |   193 |   212 ||   777
Block: Other             |       |       |     5 |    53 |   115 |       ||   173
       Reflection        |       |       |     1 |       |     7 |       ||     8
